 Dungeon Crawl Stone Soup version 0.30-a0-953-g5f1da4a474 (webtiles) character file.

Game seed: 18256388012323121855

1131 Jeffwins the Caller (level 8, -2/57 HPs)
             Began as a Human Wanderer on Mar 29, 2023.
             Slain by a water moccasin zombie (5 damage)
             ... on level 5 of the Dungeon.
             The game lasted 00:08:47 (5868 turns).

Jeffwins the Caller (Human Wanderer)                Turns: 5868, Time: 00:08:48

Health: -2/57      AC:  5    Str: 14    XL:     8   Next: 62%
Magic:  13/13      EV: 11    Int: 16    God:
Gold:   309        SH:  0    Dex: 10    Spells: 3/13 levels left

rFire   . . .      SeeInvis .    n - +2 dagger (venom)
rCold   + . .      Faith    .    (no shield)
rNeg    + . .      Spirit   .    i - +0 leather armour
rPois   .          Reflect  .    (no helmet)
rElec   .          Rampage  .    e - +1 cloak
rCorr   .                        (no gloves)
Will    .....                    (no boots)
Stlth   +++                      j - amulet of magic regeneration
HPRegen 0.29/turn                N - ring of positive energy
MPRegen 0.53/turn                (no ring)

@: mighty, brilliant
A: camouflage 1, cold resistance 1
a: no special abilities


You were on level 5 of the Dungeon.
You visited 2 branches of the dungeon, and saw 6 of its levels.

You collected 336 gold pieces.
You spent 27 gold pieces at shops.


Innate Abilities, Weirdness & Mutations

Your skin changes colour to match your surroundings (Stealth+).
Your flesh is cold resistant. (rC+)


   Skills:
 + Level 2.6 Fighting
 * Level 3.3 Short Blades
 + Level 3.2 Throwing
 - Level 1.0 Armour
 - Level 1.0 Dodging
 + Level 2.4 Stealth
 * Level 3.4 Spellcasting
 * Level 2.7 Hexes
 * Level 4.9 Summonings
 * Level 3.9 Ice Magic
 + Level 1.6 Evocations


You had 3 spell levels left.
You knew the following spells:

 Your Spells              Type           Power      Damage    Failure   Level
b - Summon Ice Beast      Ice/Summ       25%        N/A       34%         4
c - Freeze                Ice            88%        1d9       4%          1
x - Frozen Ramparts       Ice            44%        1d7       13%         3
z - Ensorcelled Hibernat  Hex/Ice        40%        N/A       9%          2

Your spell library contained the following spells:

 Spells                   Type           Power      Damage    Failure   Level
 Summon Small Mammal      Summ           100%       N/A       3%          1
 Passwall                 Tmut/Erth      3%         N/A       32%         2
 Swiftness                Air            4%         N/A       54%         3
 Summon Lightning Spire   Summ/Air       15%        N/A       63%         4

Inventory:

Hand Weapons
 a - a +0 spear
 m - a +1 vampiric whip
 n - a +2 dagger of venom (weapon)
 s - a +2 heavy halberd
Missiles
 b - 10 boomerangs (quivered)
 t - a throwing net {=f}
Armour
 d - a +0 robe
 e - a +1 cloak (worn)
 h - a +0 crystal plate armour
 i - a +0 leather armour (worn)
Magical Staves
 p - the staff of fire "Ixze Ete" {rF+ rN+}
   (You found it on level 4 of the Dungeon)

   [staff of fire]

   Base accuracy: +5 Base damage: 5 Base attack delay: 1.2 This weapon's minimum
   attack delay (0.6) is reached at skill level 12.
   rF:        It protects you from fire.
   rN:        It protects you from negative energy.
   It falls into the 'Staves' category.
   It is a one-handed weapon.
Jewellery
 j - an amulet of magic regeneration (around neck)
 r - an amulet of the acrobat
 N - a ring of positive energy (left hand)
Scrolls
 o - a scroll of butterflies
 q - a scroll of poison {!r}
 u - a scroll of enchant armour
 v - a scroll of fog
Potions
 c - a potion of mutation {!q}
 f - a potion of heal wounds {unknown}
 g - a potion of curing {@q1}
 l - a potion of cancellation {unknown}
 z - a potion of resistance {unknown}
 A - 2 potions of haste {@q3}
 B - a potion of magic {unknown}

Dungeon Overview and Level Annotations

Branches:
Dungeon (5/15)             Temple (1/1) D:5

Altars:
Ashenzari
Cheibriados
Elyvilon
Fedhas
Gozag
Hepliaklqana
Kikubaaqudgha
Makhleb
Nemelex Xobeh
Okawaru
Qazlal
Sif Muna
Trog
Uskayaw
Xom
Yredelemnul
Zin

Shops:
D:1 : D:3

* ..##.##.........# ##.#
..##.##.....##### #.#
#.##.##.....# #.#
...........## ###.##
...........# ###P§...#
..##>#.##..# #....§P.#
..##.#.....####..§§...#
..##.##.....$.#.#P§§§.#
...#.###...##...@####.#
...#.##...###..WZ..##.###
.#......#.#
#.~~~~.....[##
.#......#.#
#.~~~~.......##
........##..r~~.PZ......#
.............~~~Z.......#
.......####..~.....§....#
###......§...##
###...#..$##


You could see a phantom, a water moccasin zombie, a quokka (fleeing) and 2
bullfrog skeletons.


Message History

* * * LOW HITPOINT WARNING * * *
The water moccasin zombie bites you but does no damage.
The phantom barely misses you.
The bullfrog skeleton barely misses you.
The bullfrog skeleton misses you.
It was a potion of curing.
You feel better. The bullfrog skeleton hits you.
* * * LOW HITPOINT WARNING * * *
The water moccasin zombie bites you but does no damage.
The phantom hits you.
* * * LOW HITPOINT WARNING * * *
The bullfrog skeleton hits you but does no damage.
The bullfrog skeleton hits you.
* * * LOW HITPOINT WARNING * * *
The water moccasin zombie misses you.
It was a potion of brilliance.
You feel clever all of a sudden. The phantom hits you.
* * * LOW HITPOINT WARNING * * *
The phantom blinks!
You blink.
Found 6 gold pieces and a robe.
Unknown command.
Okay, then.
It was a potion of might.
You feel very mighty all of a sudden.
The withered plant crumbles away.
The phantom hits you.
* * * LOW HITPOINT WARNING * * *
Unknown command.
The phantom hits you.
* * * LOW HITPOINT WARNING * * *
The phantom blinks!
You blink.
The water moccasin zombie bites you.
You die...

Skill      XL: |  1  2  3  4  5  6  7  8 |
---------------+-------------------------+-----
Short Blades   | 1 2 3 |  3.3
Spellcasting   | 2 3 |  3.4
Ice Magic      | 2 3 |  3.9
Stealth        | 1 2 |  2.4
Hexes          | 1 2 |  2.7
Fighting       | 2 |  2.6
Summonings     | 4 |  4.9
Throwing       | 3 |  3.2
Evocations     | 1 |  1.6
Armour         | |  1.0
Dodging        | |  1.0

Action                     |  1- 3 |  4- 6 |  7- 9 || total
---------------------------+-------+-------+-------++-------
  Melee: Dagger            |    34 |   198 |   290 ||   522
         Punch             |     1 |     4 |     4 ||     9
         Spear             |    10 |       |       ||    10
         Whip              |     1 |       |       ||     1
  Throw: Boomerang         |     2 |       |       ||     2
   Cast: Freeze            |    24 |     6 |       ||    30
         Frozen Ramparts   |       |     3 |     6 ||     9
         Summon Ice Beast  |       |       |     1 ||     1
         Ensorcelled Hiber |       |       |     1 ||     1
  Evoke: Wand              |       |       |     6 ||     6
    Use: Potion            |     1 |       |     4 ||     5
         Scroll            |       |       |     5 ||     5
   Stab: Sleeping          |       |       |     1 ||     1
 Armour: Robe              |    11 |       |       ||    11
         Skin              |     6 |       |       ||     6
         Leather armour    |     5 |    51 |    78 ||   134
  Dodge: Dodged            |    33 |    91 |   156 ||   280

Levels and vault maps discovered:
D:1:      dpeg_arrival_pits, layout_basic, serial_forest,
          infiniplex_forest_clump_medium, infiniplex_forest_clump_diagonal,
          infiniplex_forest_straight_3, infiniplex_forest_lined_corner,
          infiniplex_forest_clump_C, infiniplex_forest_end_3,
          infiniplex_forest_corner_2, hellmonk_ecumenical_altar_run_dry,
          nicolae_shop_vocational
D:2:      layout_basic
D:3:      layout_rooms, old_standard_altar, mainiacjoe_overflow_boulevard,
          serial_shops, nicolae_shop_hallway_plus
D:4:      layout_loops_cross, nicolae_elyvilon_peaceful_grove,
          lemuel_mausoleum_altar_yredelemnul,
          amcnicky_mini_rare_corridor_liquid, minivault_24,
          kennysheep_pointless_box, st_stairs_3, serial_bayou_pond_d
D:5:      layout_rooms, temple_statues, serial_undead, serial_undead_f,
          serial_undead_e, serial_undead_f, serial_undead_e, serial_undead_d,
          serial_undead_c, serial_undead_e
Temple:   cyrus_circular_temple

Notes
Turn   | Place    | Note
-------+----------+-------------------------------------------
     0 | D:1      | Jeffwins the Human Wanderer began the quest for the Orb.
     0 | D:1      | Jeffwins set off with the following items: a +0 dagger, 10
                  | boomerangs, a potion of lignification {!q}, a +0 robe; and
                  | the following spells available to memorise: Summon Small
                  | Mammal, Freeze, Frozen Ramparts, Summon Ice Beast, Summon
                  | Lightning Spire.
     0 | D:1      | Reached XP level 1. HP: 15/15 MP: 2/2
     2 | D:1      | Learned a level 1 spell: Freeze
   253 | D:1      | Found a faded altar of an unknown god.
   328 | D:1      | Reached XP level 2. HP: 21/21 MP: 1/3
   367 | D:1      | Found Orila's Vocational Training.
   766 | D:1      | Identified a +0 crystal plate armour
  1379 | D:2      | You fall into a shaft and drop 2 floors!
  1455 | D:4      | Noticed a water moccasin
  1469 | D:4      | Killed a water moccasin
  1470 | D:4      | Reached skill level 1 in Short Blades
  1470 | D:4      | Reached skill level 2 in Spellcasting
  1470 | D:4      | Reached skill level 2 in Ice Magic
  1470 | D:4      | Reached XP level 3. HP: 27/27 MP: 2/6
  1470 | D:4      | Reached XP level 4. HP: 33/33 MP: 2/7
  1470 | D:4      | Reached XP level 5. HP: 38/38 MP: 2/8
  1474 | D:4      | Learned a level 3 spell: Frozen Ramparts
  1479 | D:4      | Learned a level 4 spell: Summon Ice Beast
  1541 | D:4      | Reached skill level 1 in Stealth
  1705 | D:4      | Identified the staff of fire "Ixze Ete" {rF+ rN+}
  1733 | D:4      | Reached XP level 6. HP: 38/44 MP: 9/9
  1890 | D:4      | Reached skill level 2 in Short Blades
  1890 | D:4      | Reached skill level 1 in Hexes
  2172 | D:3      | Reached skill level 2 in Fighting
  2275 | D:3      | Reached skill level 4 in Summonings
  2418 | D:3      | Learned a level 2 spell: Ensorcelled Hibernation
  2691 | D:2      | Reached XP level 7. HP: 50/50 MP: 10/10
  3050 | D:3      | Found a broken altar of Ashenzari.
  3309 | D:3      | Found Osait's Assorted Antiques.
  3315 | D:3      | Bought a scroll labelled LEEROSK DOIBO for 27 gold pieces
  3467 | D:3      | Found a hide-covered altar of Uskayaw.
  3545 | D:4      | Reached skill level 3 in Ice Magic
  3890 | D:4      | Found a white marble altar of Elyvilon.
  4500 | D:4      | Reached skill level 2 in Hexes
  4524 | D:4      | Found a basalt altar of Yredelemnul.
  4653 | D:4      | Reached skill level 2 in Stealth
  4816 | D:5      | Entered Level 5 of the Dungeon
  4820 | D:5      | Reached skill level 3 in Throwing
  4820 | D:5      | Reached skill level 3 in Spellcasting
  4820 | D:5      | Reached skill level 1 in Evocations
  4820 | D:5      | Reached XP level 8. HP: 57/57 MP: 12/12
  4844 | D:5      | Reached skill level 3 in Short Blades
  5483 | D:5      | Found a staircase to the Ecumenical Temple.
  5558 | Temple   | Entered the Ecumenical Temple
  5658 | D:5      | HP: 5/57 [poisoned by a water moccasin]
  5864 | D:5      | Gained mutation: You sometimes lose your temper in combat.
                  | [potion of mutation]
  5864 | D:5      | Gained mutation: Your flesh is cold resistant. (rC+)
                  | [potion of mutation]
  5864 | D:5      | Gained mutation: Your skin changes colour to match your
                  | surroundings (Stealth+). [potion of mutation]
  5864 | D:5      | Lost mutation: You sometimes lose your temper in combat.
                  | [potion of mutation]
  5868 | D:5      | HP: 3/57 [phantom (4)]
  5868 | D:5      | Slain by a water moccasin zombie

Vanquished Creatures
  2 water moccasins
  An ice beast (D:5)
  A necrophage (D:4)
  A water moccasin zombie (D:4)
  A scorpion (D:5)
  2 wights (D:4)
  A centaur zombie (D:5)
  A human zombie (D:4)
  2 bullfrog zombies (D:5)
  2 iguanas
  A scorpion zombie (D:4)
  A sleepcap (D:4)
  An orc wizard (D:3)
  A hound zombie (D:4)
  A mummy (D:4)
  A howler monkey zombie (D:4)
  7 gnolls
  2 adders
  A white imp (D:5)
  5 adder zombies
  5 orcs (D:3)
  4 bats
  5 endoplasms
  4 giant cockroaches
  2 goblins
  6 hobgoblins
  7 jackals (D:4)
  3 kobolds
  A quokka (D:3)
  9 ball pythons
  5 frilled lizards
  4 rats
90 creatures vanquished.

Vanquished Creatures (collateral kills)
  A phantom (D:5)
1 creature vanquished.

Vanquished Creatures (others)
  A withered plant (D:5)
1 creature vanquished.

Grand Total: 92 creatures vanquished

Table legend: (Time is in decaauts)
 A = Elapsed time spent in this place.
 B = Non-inter-level travel time spent in this place.
 C = Inter-level travel time spent in this place.
 D = Time resting spent in this place.
 E = Time spent auto-exploring this place.
 F = Levels seen in this place.
 G = Mean time per level.
                   A        B        C        D        E       F      G
               +--------+--------+--------+--------+--------+-----+--------+
         Total |   5814 |   5603 |    211 |    516 |   4008 |   6 |  969.0 |
       Dungeon |   5763 |   5560 |    203 |    516 |   3973 |   5 | 1152.6 |
        Temple |     50 |     42 |      8 |      0 |     35 |   1 |   50.0 |
               +--------+--------+--------+--------+--------+-----+--------+

Top non-repeatable levels by time:
     D:4: 2095 daAuts
     D:3: 973 daAuts
     D:2: 958 daAuts
     D:1: 913 daAuts
     D:5: 822 daAuts
  Temple: 50 daAuts

Table legend:
 A = Non-vault XP
 B = Vault XP
 C = Vault XP percentage of total XP
 D = Non-vault monster count
 E = Vault monster count
 F = Vault count percentage of total count
                 A         B        C        D         E       F
            +---------+---------+-------+---------+---------+-------
      Total |     994 |     622 |  38.5 |      72 |      19 |  20.9
            +---------+---------+-------+---------+---------+-------
        D:1 |      14 |       0 |   0.0 |       9 |       0 |   0.0
        D:2 |      17 |       0 |   0.0 |      12 |       0 |   0.0
        D:3 |     168 |       0 |   0.0 |      27 |       0 |   0.0
        D:4 |     306 |     477 |  60.9 |      18 |      14 |  43.8
        D:5 |     489 |     145 |  22.9 |       6 |       5 |  45.5
            +---------+---------+-------+---------+---------+-------
